[Event "LASS Vårturneringar 2018"]
[Site "Linköping, Sweden"]
[Date "2018.05.12"]
[Round "5.6"]
[White "Bernhard, Jonathan"]
[Black "Alos, Raul Toledano"]
[Result "0-1"]
[TimeControl "90 min + 30 sec/move + 30 min/40 moves"]
[WhiteElo "1926"]
[BlackElo "1772"]

1. d4 d5 2. c4 e6 3. Nf3 Nf6 4. g3 Bd7 5. Bg2 dxc4 6. O-O Bc6 7. Qc2 Bd5 8. Nc3 Nc6 9. e4 Nb4 10.
Qb1 Bc6 11. Ne5 Qxd4 12. Nxc6 Nxc6 13. Rd1 Qb6 14. Be3 Qa6 15. a4 Bb4 16. Nb5 Ba5 17. Bc5 Rc8 18. Qc2 Bb4 19. Qxc4 Bxc5 20.
Qxc5 Qb6 21. Rac1 Qxc5 22. Rxc5 a6 23. Na3 Ke7 24. Rdc1 Rhd8 25. R5c4 Rd2 26. b4 Ng4 27. b5 Nd4 28.
Rxc7+ Rxc7 29. Rxc7+ Kf6 30. e5+ Nxe5 31. Bxb7 axb5 32. Nxb5 Nxb5 33. axb5 Rb2 34. Ba6 g5 35. h3 h5 36.
f4 gxf4 37. gxf4 Ng6 38. Rc6 Nxf4 39. b6 Ne2+ 40. Bxe2 Rxe2 41. b7 Rb2 42. Rc7 Kg6 43. h4 f5 44. Kf1 f4 45. Rc6 Kf5 46.
Rc7 e5 47. Rf7+ Ke4 48. Rc7 Kf3 49. Rc3+ Kg4 50. Rc5 e4 51. Rc7 e3 52. Rf7 Kf3 0-1

[Event "LASS Vårturneringar 2018"]
[Site "Linköping, Sweden"]
[Date "2018.05.12"]
[Round "5.4"]
[White "Tiger-Norqvist, Axel"]
[Black "Garner, Mårten"]
[Result "1-0"]
[TimeControl "90 min + 30 sec/move + 30 min/40 moves"]
[WhiteElo "2146"]
[BlackElo "1872"]

1. e4 e6 2. d4 d5 3. e5 c5 4. c3 Nc6 5. Nf3 Qb6 6. a3 Nh6 7. b4 cxd4 8. cxd4 Nf5 9. Bb2 Bd7 10.
g4 Nh6 11. h3 Be7 12. Bd3 O-O 13. Qc2 Bxb4+ 14. Nc3 Bxc3+ 15. Bxc3 g6 16. Rb1 Qc7 17. Ke2 Rac8 18. Qb2 b6 19.
Ba6 Rcd8 20. Bd2 Kg7 21. Bg5 Rb8 22. Bf6+ Kg8 23. Qd2 Nf5 24. gxf5 exf5 25. Qh6 1-0

[Event "LASS Vårturneringar 2018"]
[Site "Linköping, Sweden"]
[Date "2018.05.12"]
[Round "5.7"]
[White "Karlsson, Henrik"]
[Black "Knutsson, Håkan"]
[Result "0-1"]
[TimeControl "90 min + 30 sec/move + 30 min/40 moves"]
[WhiteElo "1699"]
[BlackElo "1865"]

1. e4 c5 2. Nf3 e6 3. d4 cxd4 4. Nxd4 Nc6 5. Nc3 Qc7 6. Be3 a6 7. Qd2 Nf6 8. Be2 b5 9. f3 Bb7 10.
Nxc6 dxc6 11. Rd1 Be7 12. O-O O-O 13. Qc1 c5 14. Bf4 Qc6 15. Bg5 Rfe8 16. e5 Nd5 17. Ne4 c4 18. Bxe7 Rxe7 19.
Qg5 h6 20. Qh4 Kf8 21. Rd2 Ne3 22. Rd6 Qc7 23. Re1 Rc8 24. c3 Qb8 25. g4 Qa8 26. Qf2 Nd5 27. Qg3 Qa7+ 28. Kh1 Nc7 29.
g5 Bxe4 30. gxh6 Bg6 31. hxg7+ Kxg7 32. h4 Rh8 33. Bd1 Nd5 34. Bc2 Ree8 35. Rg1 Qe7 36. Bxg6 Qxh4 37. Qxh4 Rxh4 38. Kg2 Kxg6 39.
Kf2+ 0-1

[Event "LASS Vårturneringar 2018"]
[Site "Linköping, Sweden"]
[Date "2018.05.12"]
[Round "5.3"]
[White "Olsson, Magnus"]
[Black "Nörager, Mattias"]
[Result "0-1"]
[TimeControl "90 min + 30 sec/move + 30 min/40 moves"]
[WhiteElo "1677"]
[BlackElo "1706"]

1. c4 f5 2. Nf3 Nf6 3. g3 c5 4.
Bg2 Nc6 5. d4 cxd4 6. Nxd4 g6 7. b3 Bg7 8. Bb2 O-O 9. O-O Re8 10. Nc3 Nxd4 11. Qxd4 Qa5 12. Qd2 Ng4 13. Qd5+ Qxd5 14.
Bxd5+ e6 15. Bg2 a6 16. Rab1 Rb8 17. Rfd1 b5 18. cxb5 axb5 19. e3 d5 20. Ne2 Ba6 21. Bxg7 Kxg7 22.
Nd4 Kf6 23. Bf1 Rb6 24. Rdc1 Ne5 25. Rc7 h5 26. Rbc1 b4 27. Bxa6 Rxa6 28. Rb7 Rxa2 29. Rc2 Nf3+ 30. Kf1 Nd2+ 31.
Ke2 Nxb3 32. Kd3 Rxc2 33. Kxc2 Nxd4+ 34. exd4 Rc8+ 35. Kb2 Rc4 0-1

[Event "LASS Vårturneringar 2018"]
[Site "Linköping, Sweden"]
[Date "2018.05.12"]
[Round "5.5"]
[White "Olsson, Simon"]
[Black "Wahlund, Max"]
[Result "1-0"]
[TimeControl "90 min + 30 sec/move + 30 min/40 moves"]
[WhiteElo "2110"]
[BlackElo "2097"]

1. d4 e6 2. c4 Nf6 3. Nc3 Bb4 4. a3 Bxc3+ 5. bxc3 c5 6. e3 O-O 7. Bd3 Nc6 8. Ne2 b6 9. e4 Ne8 10.
f4 Ba6 11. O-O Na5 12. f5 Bxc4 13. f6 Bxd3 14. fxg7 Bxe4 15. gxf8=Q+ Kxf8 16. Bh6+ Kg8 17. Ng3 Bg6 18. Rf4 cxd4 19.
cxd4 Nc4 20. h4 Ne3 21. Qf3 Nd5 22. Rg4 Rc8 23. h5 Rc3 24. Qf2 Nef6 25. hxg6 1-0

[Event "LASS Vårturneringar 2018"]
[Site "Linköping, Sweden"]
[Date "2018.05.12"]
[Round "5.8"]
[White "Larsson, Mille"]
[Black "Sahlström, Alex"]
[Result "0-1"]
[TimeControl "90 min + 30 sec/move + 30 min/40 moves"]
[WhiteElo "1374"]
[BlackElo "1463"]

1. e4 c5 2. Nf3 d6 3. d4 cxd4 4.
Nxd4 Nf6 5. Nc3 g6 6. Be3 Bg7 7. f3 O-O 8. Bc4 Nc6 9. Qd2 Bd7 10. O-O-O Qa5 11. h4 Rfc8 12. Bb3 Ne5 13.
Nd5 Qxd2+ 14. Rxd2 Nxd5 15. Bxd5 Nc4 16. Bxc4 Rxc4 17. g4 b5 18. b3
Rc3 19. Rd3 Rac8 20. Kb1 Bxd4 21. Bxd4 Rxc2 22. g5 Re2 23.
Rdd1 Rcc2 24. Bxa7 Rb2+ 0-1

[ePGN "0.1;DGT LiveChess/2.1"]

[Event "LASS Vårturneringar 2018"]
[Site "Linköping, Sweden"]
[Date "2018.05.12"]
[Round "6.5"]
[White "Garner, Mårten"]
[Black "Alos, Raul Toledano"]
[Result "1/2-1/2"]
[TimeControl "90 min + 30 sec/move + 30 min/40 moves"]
[WhiteElo "1872"]
[BlackElo "1772"]

1. d4 Nf6 2. c4 e5 3. dxe5 Ng4 4. Bf4 Nc6 5. Nf3 Bc5 6. e3 Qe7 7. Nc3 Ngxe5 8. Nxe5 Nxe5 9. a3 a5 10.
Be2 O-O 11. O-O Re8 12. Qc2 Ra6 13. Nd5 Qd8 14. b4 axb4 15. axb4 Rxa1 16. Rxa1 Bf8 17. Qb2 d6 18. Ra8 c6 19.
Nc3 Ng6 20. Bg3 Qf6 21. Qb3 b5 22. h3 bxc4 23. Bxc4 h5 24. b5 h4 1/2-1/2

[Event "LASS Vårturneringar 2018"]
[Site "Linköping, Sweden"]
[Date "2018.05.12"]
[Round "6.4"]
[White "Tiger-Norqvist, Axel"]
[Black "Olsson, Simon"]
[Result "1/2-1/2"]
[TimeControl "90 min + 30 sec/move + 30 min/40 moves"]
[WhiteElo "2146"]
[BlackElo "2110"]

1. e4 c5 2. Nf3 Nc6 3. c3 d5 4.
exd5 Qxd5 5. d4 Bg4 6. Be2 e6 7. Be3 cxd4 8. cxd4 Nf6 9. O-O Bb4 10. h3 Bh5 11. a3 Ba5 12. b4 Bb6 13.
Nc3 Qd6 14. Nb5 Qd8 15. Bf4 O-O 16. Bd6 Re8 17. Bc5 Bc7 18. Nxc7 Qxc7 19. b5 Ne7 20. Ne5 Bxe2 21. Qxe2 Nd7 22.
Rfc1 Nxe5 23. dxe5 Qd7 24. Bxe7 Qxe7 25. Qe3 a6 26. a4 axb5 27. axb5 Rxa1 28. Rxa1 Qd7 29. b6 Rc8 30. Qe4 g6 31.
Ra7 Rc6 32. Ra8+ Rc8 33. Rxc8+ Qxc8 34. Qd4 Kf8 35. Qh4 Ke8 36. Qa4+ 1/2-1/2

[Event "LASS Vårturneringar 2018"]
[Site "Linköping, Sweden"]
[Date "2018.05.12"]
[Round "6.7"]
[White "Sahlström, Alex"]
[Black "Karlsson, Henrik"]
[Result "0-1"]
[TimeControl "90 min + 30 sec/move + 30 min/40 moves"]
[WhiteElo "1463"]
[BlackElo "1699"]

1. e4 e6 2. d4 d5 3. Nd2 Nf6 4. e5 Nfd7 5. Bd3 c5 6. c3 Nc6 7. Ne2 f6 8. f4 fxe5 9. fxe5 Qh4+ 10.
Ng3 cxd4 11. Nf3 Qg4 12. cxd4 Bb4+ 13. Bd2 Nxd4 14. Nxd4 Qxd4 15. Qh5+ Kd8 16. Qg5+ Kc7 17. Qxg7 Bxd2+ 18. Kxd2 Qxb2+ 19. Bc2 Qxe5 20. Qg4 Nf6 21. Qg7+ Bd7 22. Rac1 Kd6 23. Ba4 Qd4+ 24. Ke2 Qg4+ 25. Qxg4 Nxg4 26.
Ne4+ dxe4 27. Rhd1+ Ke5 28. Rc5+ Kf6 29. Rxd7 b6 30. Rc4 Ne5 31. Rxe4 Nxd7 32. Bxd7 Rad8 33. Bxe6 Rhe8 34. Bd5 Rxe4+ 35. Bxe4 h6 36. Bd3 Ke5 37. Kd2 Kd4 38. Kc2 Rc8+ 39. Kd2 Rc3 40. Bc2 b5 41. Kc1 Ke3 42. Kb2 b4 43. Bd1 Kf2 44.
Bf3 Rxf3 45. gxf3 Kxf3 46. Kb3 h5 47. Kxb4 h4 48. Ka5 h3 49. Ka6 Kg2 50. Kxa7 Kxh2 51. Kb8 Kg3 52. a4 h2 53.
a5 h1=Q 54. a6 Qh8+ 55. Kb7 Qg7+ 56. Kb8 Qe5+ 57. Ka8 Qc5 58. Kb7 Qb5+ 59. Ka7 Kf4 0-1

[Event "LASS Vårturneringar 2018"]
[Site "Linköping, Sweden"]
[Date "2018.05.12"]
[Round "6.3"]
[White "Qwarfort, Fredrik"]
[Black "Olsson, Magnus"]
[Result "1-0"]
[TimeControl "90 min + 30 sec/move + 30 min/40 moves"]
[WhiteElo "1894"]
[BlackElo "1677"]

1. d4 d5 2. c4 dxc4 3. Nf3 Nd7 4.
e3 e6 5.
Bxc4 Ngf6 6. O-O c5 7. Qe2 Be7 8. Nc3 a6 9. a4 O-O 10. Rd1 cxd4 11. Nxd4 Qb6 12. a5 Qa7 13. e4 Ne5 14.
Be3 Nxc4 15. Nc6 Nxe3 16. Nxa7 Nxd1 17. Nxc8 Raxc8 18. Rxd1 Rfd8 19. f3 Bc5+ 20. Kf1 Bb4 21. Rxd8+ Rxd8 22.
Qc4 Bxa5 23. b4 Bb6 24. Na4 Rd4 25. Qc8+ Bd8 26. Nc5 b6 27. Nb7 Rd1+ 28. Ke2 1-0

[Event "LASS Vårturneringar 2018"]
[Site "Linköping, Sweden"]
[Date "2018.05.12"]
[Round "6.2"]
[White "Nörager, Mattias"]
[Black "Andersson, Görgen"]
[Result "*"]
[TimeControl "90 min + 30 sec/move + 30 min/40 moves"]
[WhiteElo "1706"]
[BlackElo "1908"]

1. f4 d5 2. Nf3 g6 3. e3 Bg7 4. Be2 Nh6 5. O-O O-O 6. Nc3 b6 7. d4 Bb7 8. b3 Nf5 9. g4 Nd6 10. Bd3 Nd7 11. a4 Nf6 12. Ne5 Nfe4 13. Bb2 f6 14. Bxe4 Nxe4 15. Nd3 Qd7 16. Nxe4 dxe4 17. Nf2 Rae8 18. a5 e5 19. dxe5 Qxd1 20. Rfxd1 fxe5 21. axb6 exf4 22. Bxg7 Kxg7 23. Rxa7 fxe3 24. Nh1 Rd8 25. Rxd8 Rxd8 26. Rxb7 Rd1+ 27. Kg2 e2 28. bxc7 e1=Q 29. c8=Q+ Kh6 30. Qf8 Kg5 1-0

[ePGN "0.1;DGT LiveChess/2.1"]

[Event "LASS Vårturneringar 2018"]
[Site "Linköping, Sweden"]
[Date "2018.05.13"]
[Round "7.1"]
[White "Orci, Istvan"]
[Black "Nörager, Mattias"]
[Result "1/2-1/2"]
[TimeControl "90 min + 30 sec/move + 30 min/40 moves"]
[WhiteElo "1500"]
[BlackElo "1706"]

1. e4 e5 2. Nf3 Nc6 3. Bc4 Nf6 4. Ng5 d5 5. exd5 Na5 6. Bb5+ c6 7. dxc6 bxc6 8. Bd3 h6 9. Nh3 Bxh3 10.
gxh3 Qd7 11. Qf3 Nb7 12. Nc3 Rd8 13. Be4 Nxe4 14. Nxe4 f5 15. Qh5+ Qf7 16. Qxf7+ Kxf7 17. Ng3 Ke6 18.
d3 Bb4+ 19. Ke2 Rhf8 20. c3 Be7 21. b4 Nd6 22. f3 Rd7 23. Bb2 Rfd8 24. Rhd1 a5 25. a3 a4 26. c4 Nf7 27. Nh1 Bg5 28.
Nf2 Bh4 29. Rac1 Bxf2 30. Kxf2 Rxd3 31. Rxd3 Rxd3 32. Ke2 Rb3 33.
Rc2 Ng5 34. f4 Nxh3 35. fxe5 Nf4+ 36. Kd2 Nd3 37. Bc3 Nxe5 38. Bxe5 Kxe5 39. b5 Kd6 40. c5+ Kc7 41. b6+ Kb7 42.
Rc3 Rb2+ 43. Rc2 Rb3 44. Rc3 Rxc3 45. Kxc3 f4 46. Kd3 Ka6 47. Ke4 g5 48. Kf3 Kb7 49. h4 Kc8 50. hxg5 hxg5 51.
Kg4 Kd7 52. Kf3 Kd8 53. Ke4 1/2-1/2

[Event "LASS Vårturneringar 2018"]
[Site "Linköping, Sweden"]
[Date "2018.05.13"]
[Round "7.3"]
[White "Andersson, Görgen"]
[Black "Qwarfort, Fredrik"]
[Result "1-0"]
[TimeControl "90 min + 30 sec/move + 30 min/40 moves"]
[WhiteElo "1908"]
[BlackElo "1894"]

1. e4 d6 2. Bc4 Nf6 3. Nc3 c5 4. b3 Nc6 5. Bb2 e6 6. f4 a6 7. a4 Be7 8. Nf3 d5 9. Bd3 Nb4 10.
e5 Nxd3+ 11. cxd3 Nd7 12. O-O b6 13. f5 Bb7 14. fxe6 fxe6 15. d4 O-O 16. Qe1 Bc6 17. Qg3 c4 18.
Qh3 Rf5 19. bxc4 dxc4 20. d5 Bb7 21. dxe6 Rxf3 22. gxf3 Nxe5 23. Ne4 Nd3 24. Bc3 Bxe4 25. fxe4 Bc5+ 26. Kg2 Qg5+ 27. Qg3 Qxg3+ 28. hxg3 Re8 29. Rf7 Rxe6 30. Rxg7+ Kf8 31. Rf1+ Ke8 32. Rff7 Rxe4 33. Rb7 Re7 34. Rgxe7+ Bxe7 35. Rxb6 Nc5 36.
Bb4 a5 37. Bxc5 Bxc5 38. Rc6 Bb4 39. Rxc4 Bxd2 40. Rc7 h6 41. Kf3 Kd8 42. Rc5 Ke7 43. Ke2 Kd6 44. Rb5 Bc3 45. Kd3 Be1 46.
g4 1-0

[Event "LASS Vårturneringar 2018"]
[Site "Linköping, Sweden"]
[Date "2018.05.13"]
[Round "7.8"]
[White "Karlsson, Henrik"]
[Black "Larsson, Mille"]
[Result "1-0"]
[TimeControl "90 min + 30 sec/move + 30 min/40 moves"]
[WhiteElo "1699"]
[BlackElo "1374"]

1. e4 d6 2. Bc4 Nf6 3. Nc3 c6 4. d4 g6 5. f4 Nbd7 6. Bd3 e5 7. dxe5 dxe5 8. f5 Nc5 9. Bg5 Nxd3+ 10. cxd3 Bg7 11. fxg6 fxg6 12. Nf3 Qd6 13. O-O b6 14. d4 exd4 15. Qxd4 Qxd4+ 16. Nxd4 Nxe4 17. Nxe4 Bxd4+ 18. Kh1 Ba6 19.
Nf6+ Kf7 20. Ng4+ Bxf1 21. Rxf1+ Ke6 22. h3 Rae8 23. b4 h5 24. Nh2 Rhf8 25. Nf3 c5 26. Bh6 Rf7 27. Ng5+ 1-0

[Event "LASS Vårturneringar 2018"]
[Site "Linköping, Sweden"]
[Date "2018.05.13"]
[Round "7.6"]
[White "Alos, Raul Toledano"]
[Black "Ivarsson, Simon"]
[Result "1/2-1/2"]
[TimeControl "90 min + 30 sec/move + 30 min/40 moves"]
[WhiteElo "1772"]
[BlackElo "1726"]

1. e4 c5 2. Nc3 e6 3. f4 d5 4.
e5 Be7 5. Nf3 Nc6 6. Bb5 Bd7 7. Bxc6 Bxc6 8. d3 Nh6 9. O-O Nf5 10. Qe1 b5 11. b3 Qb6 12. Kh1 a5 13. g4 Nh6 14.
h3 Rf8 15. Bd2 Bb7 16. Kh2 Rc8 17. Rb1 Ng8 18. f5 b4 19. Ne2 Qc6 20. d4 a4 21. dxc5 Qxc5 22. Ned4 Ba6 23. Rg1 axb3 24.
cxb3 Qb6 25. Be3 Qb8 26. Qf2 Bd3 27. Rbc1 Kd7 28. Bf4 Rxc1 29. Rxc1 Rc8 30. Qd2 Be4 31. f6 gxf6 32. exf6 Bd6 33.
Bxd6 Qxd6 1/2-1/2

[Event "LASS Vårturneringar 2018"]
[Site "Linköping, Sweden"]
[Date "2018.05.13"]
[Round "7.2"]
[White "Olsson, Magnus"]
[Black "Johansson, Henrik"]
[Result "1/2-1/2"]
[TimeControl "90 min + 30 sec/move + 30 min/40 moves"]
[WhiteElo "1677"]
[BlackElo "1675"]

1. c4 b6 2. Nf3 Bb7 3. Nc3 e6 4. g3 Nf6 5. Bg2 Nc6 6. O-O Be7 7. d4 O-O 8. a3 Na5 9. Nd2 Bxg2 10.
Kxg2 d5 11. cxd5 Nxd5 12. Nf3 Nc6 13. e3 Nxc3 14. bxc3 Qd5 15. Qe2 Qe4 16. Rd1 Bf6 17. Qd3 Qxd3 18. Rxd3 Rad8 19. Bb2 e5 20.
Rdd1 exd4 21. cxd4 Ne7 22. a4 c5 23. Ba3 cxd4 24. exd4 Rfe8 25. Bxe7 Rxe7 26. Rac1 g6 27. Kf1 Red7 28.
Rc4 Kg7 29. h4 h6 30. g4 g5 31. hxg5 hxg5 32. Ke2 Re8+ 33. Kd3 Red8 34. Re1 Rd5 35. Re4 a6 36. Rb4 b5 37. axb5 axb5 38.
Re1 Kf8 39. Reb1 Rb8 40. Ke4 Rd7 41. Rxb5 Re8+ 42. Kd3 Ra7 43. Rb8 Ra3+ 44. R1b3 Rxb8 45. Rxa3 Rb2 46. Ke3 Rb4 47. Ra2 Rb3+ 48. Ke4 Be7 49.
Ne5 Kg7 50. Kf5 Rb6 51. Ke4 1/2-1/2

[Event "LASS Vårturneringar 2018"]
[Site "Linköping, Sweden"]
[Date "2018.05.13"]
[Round "7.4"]
[White "Knutsson, Håkan"]
[Black "Tiger-Norqvist, Axel"]
[Result "0-1"]
[TimeControl "90 min + 30 sec/move + 30 min/40 moves"]
[WhiteElo "1865"]
[BlackElo "2146"]

1. e4 e6 2. d4 d5 3. Nc3 Nf6 4. Bg5 Bb4 5. e5 h6 6. Bd2 Bxc3 7. bxc3 Ne4 8. Qg4 Kf8 9. Qf4 c5 10.
Bd3 Nxd2 11. Qxd2 Nc6 12. Nf3 c4 13. Be2 b5 14. O-O a5 15. a3 Bd7 16. h3 Rb8 17. Nh2 Qb6 18. Rab1 b4 19.
axb4 axb4 20. Qe3 Ra8 21. cxb4 Nxd4 22. c3 Nxe2+ 23. Qxe2 Ke7 24. Ra1 d4 25. Rxa8 Rxa8 26. Qe4 Bc6 27.
Qxd4 Qxd4 28. cxd4 Rb8 29. Rb1 Be4 30. Rc1 Rxb4 31. Nf3 Bxf3 32. gxf3 Kd7 33. Kf1 Kc6 34. Ke2 Kd5 35. Rd1 Rb2+ 36.
Ke3 g5 37. Ra1 Rb3+ 0-1